 Dungeon Crawl Stone Soup version 0.30.0-15-g856e2d3f33 (webtiles) character file.

Game seed: 13043885724881451601

17028 Sobieck the Skirmisher (level 11, -2/94 HPs)
             Began as a Demigod Hunter on May 19, 2023.
             Succumbed to a hornet's poison
             ... while paralysed by a hornet
             ... on level 3 of the Lair of Beasts on May 20, 2023.
             The game lasted 00:22:27 (12350 turns).

Sobieck the Skirmisher (Demigod Hunter)            Turns: 12350, Time: 00:22:27

Health: -2/94      AC:  6    Str: 12    XL:     11   Next: 87%
Magic:  14/14      EV:  2    Int: 11    God:
Gold:   1365       SH:  0    Dex: 35    Spells: 10/10 levels left

rFire   . . .        a - +1 shortbow {bow}
rCold   . . .        (shield currently unavailable)
rNeg    . . .        c - +0 leather armour
rPois   .            z - +1 helmet
rElec   .            (no cloak)
rCorr   .            p - +0 pair of gloves
SInv    .            (no boots)
Will    +....        l - amulet of the acrobat
Stlth   +++          E - +5 ring of evasion
HPRegen 0.35/turn    u - +6 ring of dexterity
MPRegen 0.14/turn

%: acrobat
@: paralysed, lethally poisoned (-2 -> -22), marked, hasted and slowed
A: high MP 1, forlorn, divine attributes
a: no special abilities


You were on level 3 of the Lair of Beasts.
You visited 2 branches of the dungeon, and saw 12 of its levels.
You also visited: Sewer and Ossuary.

You collected 1366 gold pieces.
You spent 1 gold pieces at shops.


Innate Abilities, Weirdness & Mutations

You have an increased reservoir of magic. (+10% MP)
You shall have no god before yourself.
Your divine heritage dramatically boosts your attributes as you level up.


   Skills:
 + Level 8.3 Fighting
 * Level 14.8 Ranged Weapons
 + Level 8.3 Dodging
 - Level 0.8 Stealth


You had 10 spell levels left.
You didn't know any spells.
Your spell library contained the following spells:

 Spells                   Type           Power      Damage    Failure   Level
 Static Discharge         Conj/Air       0%         2-2/arc   56%         2
 Confusing Touch          Hex            0%         N/A       80%         3
 Hailstorm                Conj/Ice       0%         3d3       80%         3
 Ozocubu's Armour         Ice            0%         N/A       80%         3
 Airstrike                Air            0%         2d(0-16)  99%         4
 Anguish                  Hex/Necr       0%         N/A       99%         4
 Cause Fear               Hex            0%         N/A       99%         4
 Ice Form                 Ice/Tmut       0%         N/A       99%         4
 Passage of Golubria      Tloc           0%         N/A       99%         4
 Petrify                  Tmut/Erth      0%         N/A       99%         4
 Summon Lightning Spire   Summ/Air       0%         N/A       99%         4
 Silence                  Hex/Air        0%         N/A       100%        5
 Summon Mana Viper        Hex/Summ       0%         N/A       100%        5
 Simulacrum               Ice/Necr       0%         N/A       100%        6
 Enfeeble                 Hex            0%         N/A       100%        7
 Ozocubu's Refrigeration  Ice            0%         4d7       100%        7
 Discord                  Hex            0%         N/A       100%        8
 Lehudib's Crystal Spear  Conj/Erth      0%         10d2      100%        8

Inventory:

Hand Weapons
 a - a +1 shortbow (weapon) {bow}
 y - a +0 short sword of venom {short}
   (You took it off an orc on level 3 of the Dungeon)
 L - a -3 triple crossbow of flaming {crossbow}
   (You bought it in a shop on level 4 of the Dungeon)
Missiles
 d - 144 stones {throwing}
 t - 2 boomerangs of dispersal {=f!fthrowing}
 x - 3 boomerangs {throwing}
 U - 46 poisoned darts {throwing}
 Y - a curare-tipped dart {=fthrowing}
 Z - 3 silver boomerangs {throwing}
Armour
 c - a +0 leather armour (worn)
 p - a +0 pair of gloves (worn)
   (You found it on level 6 of the Dungeon)
 z - a +1 helmet (worn)
   (You found it on level 5 of the Dungeon)
 H - a +0 robe
   (You took it off an orc wizard on level 5 of the Dungeon)
 R - a +0 leather armour
   (You found it on level 5 of the Dungeon)
 S - a +0 robe
   (You took it off an orc wizard on level 5 of the Dungeon)
 V - a +0 robe
   (You found it in a sewer)
 X - a +0 robe
   (You found it in a sewer)
Magical Staves
 B - a staff of air {!astaff}
   (You found it on level 3 of the Lair of Beasts)
 K - a staff of air {!astaff}
   (You found it on level 7 of the Dungeon)
 P - a staff of poison {!astaff}
   (You found it on level 4 of the Dungeon)
Jewellery
 g - a ring of willpower
   (You found it on level 1 of the Dungeon)
 l - an amulet of the acrobat (around neck)
   (You found it on level 1 of the Dungeon)
 u - a +6 ring of dexterity (right hand)
   (You found it on level 3 of the Dungeon)
 A - a ring of willpower
   (You found it on level 4 of the Dungeon)
 E - a +5 ring of evasion (left hand)
   (You found it on level 3 of the Dungeon)
 O - a ring of magical power
   (You found it on level 2 of the Lair of Beasts)
Wands
 s - a wand of iceblast (4)
   (You found it on level 6 of the Dungeon)
 w - a wand of light (12)
   (You found it on level 6 of the Dungeon)
 D - a wand of polymorph (2)
   (You took it off Amaemon on level 2 of the Lair of Beasts)
 J - a wand of mindburst (24)
   (You found it on level 7 of the Dungeon)
 Q - a wand of flame (17)
   (You found it on level 5 of the Dungeon)
Scrolls
 b - 3 scrolls of immolation {!r!r}
 e - a scroll of vulnerability {!r!r}
 q - a scroll of fog
 v - a scroll of butterflies
 C - 6 scrolls of teleportation {@r4}
 F - a scroll of fear
 G - 3 scrolls of noise {!r}
 M - a scroll of poison {!r}
 N - 6 scrolls of identify {@r1}
 T - a scroll of silence {!r}
Potions
 f - 7 potions of mutation {!q}
 h - 4 potions of resistance
 i - a potion of curing {@q1}
 j - 7 potions of brilliance
 k - 2 potions of haste {@q3}
 m - 3 potions of lignification {!q}
 n - a potion of heal wounds {@q2}
 o - 3 potions of magic
 r - 2 potions of flight
 I - 3 potions of berserk rage {!q}
 W - a potion of attraction {!q}

Dungeon Overview and Level Annotations

Branches:
Dungeon (9/15) Zot: 26240  Temple (0/1) D:4            Lair (3/5) D:9 Zot: 13788
  Snake (0/4) Lair:2        Sewer (visited)         Ossuary (visited)
  Swamp: Lair:2-3    Shoals: Lair:2-3       Orc: D:9-12

Shops:
D:4 *

Annotations:
D:4 1 runed translucent door, Crazy Yiuf
D:9 Psyche
Lair:2 3 runed translucent doors, pajopajo's ghost, journeyman HOFi

##.## #P.# #..## ##.# #..)###
##<##### #...#P#### #.....##
##.......## #....... #..####..##
##...#.# #### #P...# #....##
#...##### #..###
###@#...#.####..#
#yy###..........# #######
##.S.#..###.##...#
###$.##.#####...#.#.######..†##
............y.....####..##.#..#
.#......P.##.#[..............###
........†...........#P###..#.#.#
....#..###...###.#.P# ####..##
....>.#.##.#..####### #.##


You could see 3 hornets and a water moccasin.


Message History

You feel very sick.
The hornet stings you but does no damage.
The hornet stings you.
* * * LOW HITPOINT WARNING * * *
You feel as though you will be slow longer.
You can move again.
The hornet attacks as you move away! The hornet completely misses you.
You feel very sick. The hornet completely misses you. x3
You see here a yak corpse.
Unknown command.
The hornet attacks as you move away! The hornet closely misses you.
You feel sick.
The bullfrog hits the plant.
The plant begins to die.
The hornet completely misses you.
Unknown command.
Unknown command.
You feel much better.
You feel yourself speed up.
You feel sick. The hornet completely misses you.
Something hits the plant.
The hornet barely misses you.
Something hits the plant.
The hornet completely misses you.
You feel yourself speed up.
You feel sick.
Something hits the plant.
The hornet completely misses you.
You feel better.
Something hits the plant.
The hornet stings you!
You feel yourself slow down.
Unknown command.
Fire: a) +1 shortbow {bow}
Press: ? - help, Q - select action, (/) - cycle Shift-Dir - straight line, f/p - hornet
Aim: a hornet (moderately wounded, 68% to hit)
You shoot an arrow. The arrow hits the hornet.
Something hits the plant.
The hornet completely misses you.
Something hits the plant.
The hornet completely misses you.
Fire: a) +1 shortbow {bow}
Press: ? - help, Q - select action, (/) - cycle Shift-Dir - straight line, f/p - hornet
Aim: a hornet (moderately wounded, 68% to hit)
You shoot an arrow. The arrow hits the hornet!!
You feel yourself speed up.
A nearby plant withers and dies.
The hornet stings you but does no damage.
Fire: a) +1 shortbow {bow}
Press: ? - help, Q - select action, (/) - cycle Shift-Dir - straight line, f/p - hornet
Aim: a hornet (moderately wounded, 68% to hit)
You shoot an arrow. The arrow barely misses the hornet.
The arrow hits the hornet.
A hornet comes into view.
Fire: a) +1 shortbow {bow}
Press: ? - help, Q - select action, (/) - cycle Shift-Dir - straight line, f/p - hornet
Aim: a hornet (moderately wounded, 68% to hit)
You shoot an arrow. The arrow completely misses the hornet.
The arrow hits the hornet!
The hornet completely misses you.
Fire: a) +1 shortbow {bow}
Press: ? - help, Q - select action, (/) - cycle Shift-Dir - straight line, f/p - hornet
Aim: a hornet (severely wounded, 68% to hit)
You shoot an arrow.
The arrow hits the hornet but does no damage.
The hornet closely misses you.
Fire: a) +1 shortbow {bow}
Press: ? - help, Q - select action, (/) - cycle Shift-Dir - straight line, f/p - hornet
Aim: a hornet (severely wounded, 68% to hit)
You shoot an arrow. The arrow closely misses the hornet.
The arrow misses the hornet.
The hornet stings you!
* * * LOW HITPOINT WARNING * * *
You feel yourself slow down.
Fire: a) +1 shortbow {bow}
Press: ? - help, Q - select action, (/) - cycle Shift-Dir - straight line, f/p - hornet
Aim: a hornet (severely wounded, 68% to hit)
You shoot an arrow. The arrow barely misses the hornet.
The arrow hits the hornet!!
You kill the hornet!
The hornet stings you but does no damage.
Fire: a) +1 shortbow {bow}
Press: ? - help, Q - select action, (/) - cycle Shift-Dir - straight line, f - hornet
Aim: a hornet (heavily wounded, 68% to hit)
You shoot an arrow.
The arrow hits the hornet but does no damage.
The bullfrog swells and bulges.
The hornet misses you.
Fire: a) +1 shortbow {bow}
Press: ? - help, Q - select action, (/) - cycle Shift-Dir - straight line, f/p - hornet
Aim: a hornet (heavily wounded, 68% to hit)
You shoot an arrow. The arrow barely misses the hornet.
The hornet stings you.
* * * LOW HITPOINT WARNING * * *
You suddenly lose the ability to move!
The hornet stings you!
* * * LOW HITPOINT WARNING * * *
You feel as though you will be slow longer.
You feel yourself speed up. The hornet barely misses you.
The hornet stings you!
* * * LOW HITPOINT WARNING * * *
You are poisoned.
You feel yourself slow down.
A hornet comes into view.
The hornet stings you!
* * * LOW HITPOINT WARNING * * *
You are more poisoned.
You shrug off the repeated paralysis!
You die...

Skill      XL: |  1  2  3  4  5  6  7  8  9 10 11 |
---------------+----------------------------------+-----
Ranged Weapons | 4 5 6 8 9 11 12 13 14 | 14.8
Fighting       | 3 5 6 8 |  8.3
Dodging        | 3 5 6 8 |  8.3
Stealth        | |  0.8

Action                     |  1- 3 |  4- 6 |  7- 9 | 10-12 || total
---------------------------+-------+-------+-------+-------++-------
   Fire: Shortbow          |   128 |   207 |   380 |   565 ||  1280
  Evoke: Wand              |       |       |       |     1 ||     1
    Use: Scroll            |     5 |     9 |     7 |     3 ||    24
         Potion            |       |     2 |       |     6 ||     8
 Armour: Leather armour    |    11 |    16 |    10 |    47 ||    84
  Dodge: Dodged            |    30 |    95 |   121 |   540 ||   786

Levels and vault maps discovered:
D:1:      dpeg_arrival_arbitrary_c, layout_rooms,
          shapermc_ecumenical_altar_mp_vishouse, chequers_serial_rivers_micro_b,
          chequers_serial_rivers_small_a, minmay_gold_behind_fungi,
          grunt_decor_clamped
D:2:      layout_loops_cross
D:3:      layout_rooms
D:4:      layout_cave_pools, temple_hall, nicolae_ossuary_entry_ruins,
          minmay_shop_damaged, uniq_crazy_yiuf_cottage
D:5:      layout_loops_cross, nicolae_overflow_crystal_walls,
          gup_sewer_entry_bubbles
D:6:      layout_basic
D:7:      layout_loops_ring
D:8:      layout_basic
D:9:      layout_irregular_city, nicolae_elyvilon_temple_path,
          david_lair_generic, serial_bayou_pond_e, dreamdust_wishing_well,
          kennysheep_big_empty_room, uniq_psyche
Lair:1:   layout_chaotic_city, lemuel_fruit_tree
Lair:2:   wad_woods_minihive, layout_gridlike,
          minmay_snake_entry_guardpost_small, gammafunk_ghost_necromancy,
          uniq_amaemon
Lair:3:   layout_loops_ring, swamp_mist, dreamdust_wasp_nest

Notes
Turn   | Place    | Note
-------+----------+-------------------------------------------
     0 | D:1      | Sobieck the Demigod Hunter began the quest for the Orb.
     0 | D:1      | Reached XP level 1. HP: 17/17 MP: 3/3
    60 | D:1      | Reached skill level 4 in Ranged Weapons
    70 | D:1      | Reached XP level 2. HP: 21/24 MP: 4/4
   691 | D:1      | Reached XP level 3. HP: 29/29 MP: 5/5
   781 | D:2      | You pick up a book of the Tundra and begin reading...
   781 | D:2      | You add the spells Hailstorm, Ice Form and Simulacrum to
                  | your library.
   889 | D:2      | Reached skill level 5 in Ranged Weapons
  1000 | D:2      | You pick up a book of Storms and begin reading...
  1000 | D:2      | You add the spells Static Discharge, Airstrike and Summon
                  | Lightning Spire to your library.
  1353 | D:3      | Reached XP level 4. HP: 36/36 MP: 6/6
  1989 | D:4      | Identified a scroll of acquirement
  1989 | D:4      | Acquired 629 gold pieces
  2072 | D:4      | Noticed a phantom
  2078 | D:4      | Killed a phantom
  2079 | D:4      | Reached skill level 6 in Ranged Weapons
  2079 | D:4      | Reached XP level 5. HP: 41/41 MP: 7/7
  2087 | D:4      | Found a sand-covered staircase.
  2094 | Ossuary  | Entered an ossuary
  2288 | Ossuary  | Reached XP level 6. HP: 48/48 MP: 8/8
  2294 | Ossuary  | Reached skill level 7 in Ranged Weapons
  2472 | D:4      | Found Boloinis's Lightly-Used Armoury.
  2479 | D:4      | Bought a -3 triple crossbow for 1 gold piece
  2613 | D:4      | Found a runed translucent door.
  2614 | D:4      | Noticed Crazy Yiuf
  2724 | D:4      | You add the spells Confusing Touch, Petrify, Summon Mana
                  | Viper and Discord to your library.
  2724 | D:4      | Got the Papyrus of Chthonic Guile
  2836 | D:4      | Found a staircase to the Ecumenical Temple.
  2910 | D:5      | Entered Level 5 of the Dungeon
  3315 | D:5      | Found a glowing drain.
  3324 | Sewer    | Entered a sewer
  3366 | Sewer    | Reached skill level 8 in Ranged Weapons
  3366 | Sewer    | Reached XP level 7. HP: 44/53 MP: 9/9
  4040 | D:5      | Reached skill level 9 in Ranged Weapons
  4448 | D:5      | Reached XP level 8. HP: 60/60 MP: 10/10
  4462 | D:5      | Reached skill level 10 in Ranged Weapons
  4516 | D:6      | Reached skill level 2 in Fighting
  4516 | D:6      | Reached skill level 2 in Dodging
  5574 | D:7      | Reached skill level 3 in Fighting
  5574 | D:7      | Reached skill level 3 in Dodging
  6118 | D:7      | You add the spells Ozocubu's Armour and Ozocubu's
                  | Refrigeration to your library.
  6417 | D:8      | Reached skill level 11 in Ranged Weapons
  6417 | D:8      | Reached XP level 9. HP: 70/70 MP: 11/11
  6625 | D:8      | You pick up a book of the Moon and begin reading...
  6625 | D:8      | You add the spells Passage of Golubria, Silence and
                  | Lehudib's Crystal Spear to your library.
  6815 | D:8      | Reached skill level 4 in Fighting
  6815 | D:8      | Reached skill level 4 in Dodging
  7483 | D:9      | Reached skill level 5 in Fighting
  7483 | D:9      | Reached skill level 5 in Dodging
  7651 | D:9      | Reached skill level 12 in Ranged Weapons
  7714 | D:9      | Noticed Psyche
  7978 | D:9      | Noticed a cyclops
  7985 | D:9      | Killed a cyclops
  7986 | D:9      | Reached XP level 10. HP: 80/81 MP: 13/13
  8028 | D:9      | Found a staircase to the Lair.
  8047 | Lair:1   | Entered Level 1 of the Lair of Beasts
  8374 | Lair:1   | Reached skill level 6 in Fighting
  8374 | Lair:1   | Reached skill level 6 in Dodging
  8397 | Lair:1   | Reached skill level 13 in Ranged Weapons
  8725 | Lair:1   | Noticed a boulder beetle
  8754 | Lair:1   | Killed a boulder beetle
  8851 | Lair:1   | You pick up a book of Hexes and begin reading...
  8851 | Lair:1   | You add the spells Anguish, Cause Fear and Enfeeble to your
                  | library.
  8899 | Lair:1   | Noticed an elephant
  8902 | Lair:1   | Noticed an elephant
  8903 | Lair:1   | Noticed an elephant
  8962 | Lair:1   | Killed an elephant
  8995 | D:9      | Killed an elephant
  9021 | Lair:1   | Killed an elephant
  9022 | Lair:1   | Reached XP level 11. HP: 51/91 MP: 14/14
  9189 | Lair:1   | You pick up a book of Storms and begin reading...
  9222 | Lair:1   | Reached skill level 7 in Fighting
  9222 | Lair:1   | Reached skill level 7 in Dodging
  9523 | Lair:2   | Identified the +0 flail "Widowermaker" {freeze, Dex+4}
  9535 | Lair:2   | Noticed Amaemon
  9729 | Lair:2   | Killed Amaemon
 10187 | Lair:2   | Reached skill level 14 in Ranged Weapons
 10193 | Lair:2   | Found a runed translucent gate.
 10194 | Lair:2   | Found a runed translucent gate.
 10194 | Lair:2   | Found a runed translucent gate.
 10372 | Lair:2   | Noticed pajopajo's ghost (journeyman HOFi)
 10402 | Lair:2   | Found the +9 sword of Zonguldrok {reap}
 10628 | Lair:2   | Found a staircase to the Snake Pit.
 11115 | Lair:1   | Reached skill level 8 in Dodging
 11214 | Lair:2   | Reached skill level 8 in Fighting
 11538 | Lair:2   | HP: 16/94 [polar bear (13)]
 11539 | Lair:2   | HP: 7/94 [black mamba (8)]
 12325 | Lair:3   | Paralysed by a hornet for 3 turns
 12333 | Lair:3   | Paralysed by a hornet for 1 turns
 12347 | Lair:3   | Paralysed by a hornet for 3 turns
 12349 | Lair:3   | HP: 16/94 [hornet (14)]
 12349 | Lair:3   | HP: 2/94 [hornet (14)]
 12350 | Lair:3   | Succumbed to a hornet's poison

Vanquished Creatures
  A boulder beetle (Lair:1)
  Amaemon (Lair:2)
  A cyclops (D:9)
  3 elephants
  2 black mambas
  An orange demon (Lair:2)
  A rime drake (Lair:3)
  A cane toad (Lair:3)
  2 komodo dragons (Lair:1)
  A polar bear (Lair:2)
  4 hornets
  4 blink frogs (Lair:2)
  A vampire (D:9)
  27 yaks
  3 wyverns
  A wraith (D:8)
  3 nagas (Lair:2)
  6 water moccasins
  An acid dragon (D:8)
  2 ice beasts
  2 black bears
  3 ogres
  An orc warrior (D:8)
  5 wolves (Lair:2)
  A centaur (D:8)
  3 phantoms
  3 kobold brigands (Sewer)
  6 bullfrogs
  4 scorpions
  4 wights (D:9)
  32 killer bees
  An electric eel (D:9)
  6 howler monkeys
  A centaur zombie (Ossuary)
  A human zombie (Ossuary)
  2 hounds
  2 orc priests
  3 jellies
  A sleepcap (D:6)
  6 iguanas
  7 orc wizards
  4 mummies (Ossuary)
  3 river rats
  14 adders
  A shadow imp (D:6)
  2 ufetubi
  2 worms (D:5)
  26 orcs
  12 ball pythons
  4 bats
  2 endoplasms (D:4)
  5 giant cockroaches
  8 goblins
  7 hobgoblins
  9 jackals
  26 kobolds
  3 quokkas
  3 frilled lizards
  A gnoll zombie (Ossuary)
  A hobgoblin zombie (Ossuary)
  3 kobold zombies (Ossuary)
  An orc zombie (Ossuary)
  23 rats
320 creatures vanquished.

Table legend:
 A = Non-vault XP
 B = Vault XP
 C = Vault XP percentage of total XP
 D = Non-vault monster count
 E = Vault monster count
 F = Vault count percentage of total count
                 A         B        C        D         E       F
            +---------+---------+-------+---------+---------+-------
      Total |   19174 |    5152 |  21.2 |     213 |     107 |  33.4
            +---------+---------+-------+---------+---------+-------
        D:1 |      52 |       0 |   0.0 |      31 |       0 |   0.0
        D:2 |      78 |       0 |   0.0 |      19 |       0 |   0.0
        D:3 |      44 |       0 |   0.0 |      19 |       0 |   0.0
        D:4 |     187 |       0 |   0.0 |      12 |       0 |   0.0
        D:5 |     849 |      43 |   4.8 |      19 |       7 |  26.9
        D:6 |     282 |       0 |   0.0 |       6 |       0 |   0.0
        D:7 |     886 |       0 |   0.0 |      16 |       0 |   0.0
        D:8 |    2254 |       0 |   0.0 |      21 |       0 |   0.0
        D:9 |    2022 |     324 |  13.8 |      16 |       2 |  11.1
     Lair:1 |    7308 |      61 |   0.8 |      29 |       1 |   3.3
     Lair:2 |    2999 |    3587 |  54.5 |      16 |      36 |  69.2
     Lair:3 |    2213 |     553 |  20.0 |       9 |       2 |  18.2
      Sewer |       0 |     415 | 100.0 |       0 |      47 | 100.0
    Ossuary |       0 |     169 | 100.0 |       0 |      12 | 100.0
            +---------+---------+-------+---------+---------+-------

Skill      XL: |  1  2  3  4  5  6  7  8  9 10 11 |
---------------+----------------------------------+-----
Ranged Weapons | 4 5 6 8 9 11 12 13 14 | 14.8
Fighting       | 3 5 6 8 |  8.3
Dodging        | 3 5 6 8 |  8.3
Stealth        | |  0.8

Action                     |  1- 3 |  4- 6 |  7- 9 | 10-12 || total
---------------------------+-------+-------+-------+-------++-------
   Fire: Shortbow          |   128 |   207 |   380 |   565 ||  1280
  Evoke: Wand              |       |       |       |     1 ||     1
    Use: Scroll            |     5 |     9 |     7 |     3 ||    24
         Potion            |       |     2 |       |     6 ||     8
 Armour: Leather armour    |    11 |    16 |    10 |    47 ||    84
  Dodge: Dodged            |    30 |    95 |   121 |   540 ||   786

Illustrated notes

Table legend:
 A = Kills in this place as a percentage of kills in the entire game.
 B = Kills by you in this place as a percentage of kills by you in the entire game.
 C = Kills by friends in this place as a percentage of kills by friends in the entire game.
 D = Other kills in this place as a percentage of other kills in the entire game.
 E = Experience gained in this place as a percentage of experience gained in the entire game.
 F = Experience gained in this place divided by the number of levels of this place that you have seen.
                   A       B       C       D       E      F
               +-------+-------+-------+-------+-------+----------------------
         Total | 100.0 | 100.0 |   N/A |   N/A | 100.0 | 1737.6
       Dungeon |  52.5 |  52.5 |   N/A |   N/A |  28.9 | 780.1
          Lair |  29.1 |  29.1 |   N/A |   N/A |  68.7 | 5573.7
         Sewer |  14.7 |  14.7 |   N/A |   N/A |   1.7 | 415.0
       Ossuary |   3.8 |   3.8 |   N/A |   N/A |   0.7 | 169.0
               +-------+-------+-------+-------+-------+----------------------

Table legend: (Time is in decaauts)
 A = Elapsed time spent in this place.
 B = Non-inter-level travel time spent in this place.
 C = Inter-level travel time spent in this place.
 D = Time resting spent in this place.
 E = Time spent auto-exploring this place.
 F = Levels seen in this place.
 G = Mean time per level.
                   A        B        C        D        E       F      G
               +--------+--------+--------+--------+--------+-----+--------+
         Total |  12410 |  11922 |    488 |   2210 |   7147 |  14 |  886.4 |
       Dungeon |   7211 |   6812 |    399 |    785 |   4739 |   9 |  801.2 |
          Lair |   4211 |   4122 |     89 |   1281 |   1918 |   3 | 1403.7 |
         Sewer |    689 |    689 |      0 |     86 |    405 |   1 |  689.0 |
       Ossuary |    297 |    297 |      0 |     57 |     83 |   1 |  297.0 |
               +--------+--------+--------+--------+--------+-----+--------+

Top non-repeatable levels by time:
  Lair:2: 2097 daAuts
  Lair:1: 1638 daAuts
     D:8: 1325 daAuts
     D:5: 973 daAuts
     D:6: 947 daAuts
     D:7: 809 daAuts
     D:1: 785 daAuts
   Sewer: 689 daAuts
     D:2: 688 daAuts
     D:4: 652 daAuts
     D:3: 558 daAuts
  Lair:3: 475 daAuts
     D:9: 470 daAuts
 Ossuary: 297 daAuts
